[Event "Team 45 45 League T79"]
[Site "Internet Chess Club"]
[Date "2019.02.02"]
[Round "6"]
[White "Skeptic1972"]
[Black "Grenadier"]
[Result "1/2-1/2"]
[WhiteElo "1476"]
[BlackElo "1613"]
[Opening "Caro-Kann: Steinitz variation"]
[ECO "B17"]
[Time "14:05:33"]
[TimeControl "2700+45"]

1. e4 c6 2. d4 d5 3. Nc3 dxe4 4. Nxe4 Nd7 5. Nf3 Ngf6 6. Nxf6+ Nxf6 7. Bd3 Bg4
8. c3 e6 9. O-O Bd6 10. h3 Bh5 11. Bg5 Qc7 12. Bxf6 gxf6 13. g4 Bg6 14. Nh4
O-O-O 15. Nxg6 hxg6 16. Qf3 f5 17. Rfe1 Rh4 18. Bf1 Rdh8 19. Bg2 fxg4 20. hxg4
Bh2+ 21. Kf1 Qf4 22. Qxf4 Bxf4 23. f3 Re8 24. Kf2 a5 25. Rh1 Reh8 26. Rxh4 Rxh4
27. b3 b5 28. c4 Rh8 29. Rh1 Rxh1 30. Bxh1 bxc4 31. bxc4 Kc7 32. Ke2 Kd6 33. Kd3
f5 34. gxf5 gxf5 35. Bg2 c5 36. dxc5+ Kxc5 37. Bf1 Bg5 38. Be2 Bf6 39. Bd1 Bd4
40. Bb3 e5 41. Ba4 Kb4 42. Bd7 f4 43. Be6 Ka3 44. Ke4 Kb4 45. Kd5 a4 46. Bd7 a3
47. Be6 Be3 48. Kxe5 Kc5 49. Ke4 Bc1 50. Bd5 Be3 {Game drawn by mutual
agreement} 1/2-1/2

[Event "Team 45 45 League T79"]
[Site "Internet Chess Club"]
[Date "2019.02.05"]
[Round "6"]
[White "GoIrish"]
[Black "JPSVI"]
[Result "1/2-1/2"]
[WhiteElo "1494"]
[BlackElo "1453"]
[Opening "Réti: King's Indian attack"]
[ECO "A05"]
[Time "20:30:31"]
[TimeControl "2700+45"]

1. Nf3 Nf6 2. g3 g6 3. Bg2 Bg7 4. O-O O-O 5. d3 c5 6. e4 d5 7. Nbd2 dxe4 8. Nxe4
Nxe4 9. dxe4 Nc6 10. c3 e5 11. Qc2 Qe7 12. Bg5 f6 13. Be3 Rd8 14. Rad1 Be6 15.
b3 b5 16. Qc1 a5 17. Nd2 Rd3 18. Nb1 Rad8 19. Rxd3 Rxd3 20. Rd1 Rd8 21. Rxd8+
Nxd8 22. Qa3 Nb7 23. Bf1 Qd6 24. Qb2 Qd1 25. Qc1 Qxc1 26. Bxc1 Nd6 27. f3 c4 28.
Nd2 Bh6 29. Nxc4 bxc4 30. Bxh6 cxb3 31. axb3 Bxb3 32. Bc1 Nc4 33. Bxc4+ Bxc4 34.
Kf2 Kf7 35. Ke3 Ke6 36. Ba3 a4 37. Bb4 Kd7 38. Kd2 Ke6 39. Ke3 f5 40. f4 fxe4
41. Kxe4 Bd5+ 42. Ke3 e4 43. c4 Bc6 44. g4 h5 45. h3 hxg4 46. hxg4 Bb7 47. Ba3
Bc6 48. Bb4 Bb7 49. Ba3 Bc6 50. Bb4 Bb7 {Game drawn by repetition} 1/2-1/2

[Event "Team 45 45 League T79"]
[Site "Internet Chess Club"]
[Date "2019.02.01"]
[Round "6"]
[White "PolishRyszard"]
[Black "santiagoelawad"]
[Result "1-0"]
[WhiteElo "1863"]
[BlackElo "1952"]
[Opening "Caro-Kann: Rasa-Studier gambit"]
[ECO "B15"]
[Time "18:11:40"]
[TimeControl "2700+45"]

1. d4 d5 2. e4 c6 3. Nc3 dxe4 4. f3 exf3 5. Nxf3 Bf5 6. Bc4 e6 7. O-O Nf6 8. Ng5
Nd5 9. Nxf7 Kxf7 10. g4 g6 11. gxf5 exf5 12. Rxf5+ gxf5 13. Qh5+ Ke6 14. Bf4
Rg8+ 15. Kh1 Nd7 16. Re1+ Kf6 17. Nxd5+ cxd5 18. Bxd5 Rg6 19. Bg5+ Kg7 20. Bxd8
Rxd8 21. Qxf5 Nf6 22. c4 Nxd5 23. cxd5 Bd6 24. Re6 a5 25. h4 Rxe6 26. dxe6 Rf8
27. Qg5+ Kh8 28. e7 Bxe7 29. Qxe7 Rf4 30. Qe5+ {Black resigns} 1-0

[Event "Team 45 45 League T79"]
[Site "Internet Chess Club"]
[Date "2019.01.31"]
[Round "6"]
[White "harlyman"]
[Black "disinformator"]
[Result "1-0"]
[WhiteElo "1740"]
[BlackElo "1792"]
[Opening "Kevitz-Trajkovich defense"]
[ECO "A50"]
[Time "15:35:42"]
[TimeControl "2700+45"]

1. d4 Nf6 2. c4 Nc6 3. Nf3 d6 4. Nc3 e5 5. d5 Ne7 6. Bg5 Ng6 7. e4 h6 8. Be3 Be7
9. Be2 Ng4 10. Bd2 Nf4 11. Bxf4 exf4 12. Qd2 g5 13. g3 fxg3 14. hxg3 Bf6 15. Nd4
Qe7 16. Rf1 a6 17. O-O-O Bd7 18. f3 Ne5 19. f4 Ng6 20. Nf5 Qf8 21. Qe3 b6 22.
Kb1 Kd8 23. Nd4 Qg7 24. e5 dxe5 25. Ne6+ fxe6 26. dxe6 Nf8 27. fxe5 Nxe6 28.
exf6 Qf7 29. Bg4 Re8 30. Qf3 Rb8 31. Bh5 Qh7+ 32. Ka1 Rf8 33. Rfe1 Kc8 34. Bg4
Qf7 35. Rxd7 Kxd7 36. Qd5+ {Black resigns} 1-0

[Event "Team 45 45 League T79"]
[Site "Internet Chess Club"]
[Date "2019.02.03"]
[Round "6"]
[White "cadmiumorange"]
[Black "backrankbrawler"]
[Result "1-0"]
[WhiteElo "1941"]
[BlackElo "1816"]
[Opening "French: Wing gambit"]
[ECO "C00"]
[Time "06:00:27"]
[TimeControl "2700+45"]

1. e4 e6 2. Nf3 d5 3. e5 c5 4. b4 b6 5. d4 Qd7 6. a4 Nc6 7. b5 Na5 8. Be3 Qc7 9.
c3 a6 10. Nbd2 c4 11. Be2 axb5 12. axb5 Bd7 13. Qb1 Ne7 14. O-O Nc8 15. Ng5 Be7
16. f4 h6 17. Nxf7 Kxf7 18. Bh5+ Kg8 19. Qg6 Rh7 20. f5 exf5 21. Rxf5 Qd8 22.
Rf3 Na7 23. Raf1 Nxb5 24. Qf7+ Kh8 25. Bg6 Nc7 26. Bxh7 Kxh7 27. Rg3 Bf8 28.
Qg6+ Kg8 29. Bxh6 Qe7 30. Bg5 Qe6 31. Rf6 Qe8 32. Qc2 Nb3 33. Rh6 Ra1+ 34. Nf1
Ne6 35. Qh7+ Kf7 36. Rf3+ Nf4 37. Rxf4+ {Black resigns} 1-0

[Event "Team 45 45 League T79"]
[Site "Internet Chess Club"]
[Date "2019.02.03"]
[Round "6"]
[White "Zugzwanged"]
[Black "ascoli"]
[Result "1-0"]
[WhiteElo "1752"]
[BlackElo "1619"]
[Opening "Caro-Kann: exchange, Rubinstein variation"]
[ECO "B13"]
[Time "09:15:28"]
[TimeControl "2700+45"]

1. e4 c6 2. d4 d5 3. exd5 cxd5 4. Bd3 Nf6 5. c3 Nc6 6. Bf4 Bg4 7. Qb3 Qd7 8. Nd2
e6 9. Ngf3 Bxf3 10. Nxf3 a6 11. O-O Bd6 12. Bxd6 Qxd6 13. Rfe1 O-O 14. Ne5 b5
15. a3 Na5 16. Qd1 Nc4 17. Qe2 Rac8 18. Rab1 Rc7 19. f4 Rfc8 20. f5 exf5 21.
Bxf5 Re8 22. Nxc4 bxc4 23. Qxe8+ Nxe8 24. Rxe8+ Qf8 25. Rxf8+ Kxf8 26. Re1 Rb7
27. Re2 g6 28. Bg4 f5 29. Bf3 Rd7 30. h4 Kg7 31. Re5 Rb7 32. Rxd5 Rxb2 33. Rc5
Rb3 34. Rxc4 Rxa3 35. Rc7+ Kf6 36. c4 a5 37. Rxh7 {Black resigns} 1-0

[Event "Team 45 45 League T79"]
[Site "Internet Chess Club"]
[Date "2019.02.03"]
[Round "6"]
[White "Monterrey"]
[Black "Ajolote"]
[Result "1-0"]
[WhiteElo "1957"]
[BlackElo "1879"]
[Opening "QGD: exchange, positional line"]
[ECO "D35"]
[Time "18:01:27"]
[TimeControl "2700+45"]

1. d4 d5 2. c4 e6 3. Nc3 Nf6 4. cxd5 exd5 5. Bg5 Be7 6. e3 O-O 7. Qc2 c6 8. Bd3
h6 9. Bh4 Re8 10. f3 Nbd7 11. Nge2 c5 12. O-O cxd4 13. Nxd4 Ne5 14. Rad1 Be6 15.
Bf5 Qb6 16. Bf2 Rac8 17. e4 Bxf5 18. Nxf5 Bc5 19. exd5 Bxf2+ 20. Qxf2 Qxf2+ 21.
Rxf2 g6 22. Nd6 Nc4 23. Nxc8 Rxc8 {Black resigns} 1-0

[Event "Team 45 45 League T79"]
[Site "Internet Chess Club"]
[Date "2019.02.02"]
[Round "6"]
[White "bradleyguo175"]
[Black "leandromorg"]
[Result "1-0"]
[WhiteElo "1822"]
[BlackElo "1736"]
[Opening "QGD: 3.Nc3"]
[ECO "D31"]
[Time "10:17:35"]
[TimeControl "2700+45"]

1. d4 d5 2. c4 e6 3. Nc3 f5 4. Nf3 c6 5. Bf4 Nf6 6. e3 Be7 7. Bd3 O-O 8. Qc2 Nh5
9. Be5 Nd7 10. cxd5 Nxe5 11. Nxe5 cxd5 12. g4 Nf6 13. gxf5 exf5 14. Bxf5 Bxf5
15. Qxf5 Qd6 16. a3 Ne4 17. Nxe4 Rxf5 18. Nxd6 Bxd6 19. f4 g5 20. Rg1 Kh8 21.
Rxg5 Rxg5 22. Nf7+ Kg7 23. Nxg5 Re8 24. Kf2 Rc8 25. Rg1 Rc2+ 26. Kf3 Kf6 27.
Nxh7+ Kf7 28. Rg2 {Black resigns} 1-0

[Event "Team 45 45 League T79"]
[Site "Internet Chess Club"]
[Date "2019.02.03"]
[Round "6"]
[White "MarcB"]
[Black "Beetlejuice"]
[Result "1/2-1/2"]
[WhiteElo "1694"]
[BlackElo "1683"]
[Opening "Réti v Dutch"]
[ECO "A04"]
[Time "14:00:59"]
[TimeControl "2700+45"]

1. Nf3 f5 2. d3 Nc6 3. g3 g6 4. Bg2 Bg7 5. O-O Nf6 6. Nbd2 d6 7. c3 O-O 8. e4 e5
9. exf5 Bxf5 10. Nb3 Qd7 11. Re1 Bh3 12. Bh1 Bg4 13. Qd2 Rae8 14. d4 Nh5 15. Ng5
exd4 16. Rxe8 Qxe8 17. cxd4 h6 18. Ne4 Bf3 19. Bxf3 Rxf3 20. Nc3 Qf7 21. Kg2 Qf5
22. Qe2 Rxc3 23. bxc3 Nf6 24. Bd2 a5 25. Re1 Kf7 26. f3 h5 27. h4 Bf8 28. Bg5
Bg7 29. a4 Qd7 30. Qb5 Qc8 31. Nxa5 Nxa5 32. Qxa5 Qd7 33. Qb4 b6 34. Qb3+ d5 35.
Qb5 Qd6 36. a5 bxa5 37. Qxa5 c6 38. Bf4 Qd7 39. Bg5 Qb7 40. Re2 Bf8 41. Bxf6
Kxf6 42. Qd8+ Kf7 43. Qe8+ Kg7 44. Re6 Qb2+ 45. Kh3 Qc2 46. Qd7+ Kg8 47. Rxc6
Qd3 48. Qxd5+ Kh8 49. Qe4 Qf1+ 50. Kh2 Qf2+ {Game drawn by mutual agreement}
1/2-1/2

[Event "Team 45 45 League T79"]
[Site "Internet Chess Club"]
[Date "2019.02.02"]
[Round "6"]
[White "WillC"]
[Black "nealbruce"]
[Result "0-1"]
[WhiteElo "1682"]
[BlackElo "1738"]
[Opening "Queen's pawn game"]
[ECO "D02"]
[Time "07:31:36"]
[TimeControl "2700+45"]

1. d4 d5 2. Nf3 e6 3. b3 c5 4. e3 Nc6 5. Bb2 Nf6 6. a3 cxd4 7. exd4 Bd6 8. Bd3
O-O 9. O-O Re8 10. Ne5 Qc7 11. Qe2 Bd7 12. Nd2 Rac8 13. f4 Qb6 14. Ndf3 Re7 15.
Kh1 g6 16. g4 Bxe5 17. fxe5 Nxg4 18. Rg1 Nh6 19. Rad1 Nf5 20. Bxf5 exf5 21. Bc1
f6 22. Bf4 fxe5 23. dxe5 Be6 24. Bg5 Ree8 25. Bf6 d4 26. h4 Bd5 27. Kh2 Bxf3 28.
Qxf3 Nxe5 29. Qd5+ Qe6 30. Qxe5 Rxc2+ 31. Kh1 Qc6+ {White resigns} 0-1

[Event "Team 45 45 League T79"]
[Site "Internet Chess Club"]
[Date "2019.02.02"]
[Round "6"]
[White "fireball"]
[Black "SirIvanhoe"]
[Result "1/2-1/2"]
[WhiteElo "1622"]
[BlackElo "1531"]
[Opening "Caro-Kann defense"]
[ECO "B10"]
[Time "13:07:08"]
[TimeControl "2700+45"]

1. e4 c6 2. Ne2 d5 3. e5 Bf5 4. Ng3 Bg6 5. f4 e6 6. d4 c5 7. c3 Nc6 8. Bd3 Bxd3
9. Qxd3 cxd4 10. cxd4 Qb6 11. Ne2 Nge7 12. O-O Nf5 13. Rd1 Be7 14. a3 Ncxd4 15.
Nxd4 Bc5 16. Nc3 Bxd4+ 17. Kh1 Bxc3 18. Qxc3 O-O 19. Qh3 Qf2 20. g4 Qh4 21. Qf3
Nh6 22. Rg1 Qe7 23. f5 Kh8 24. Bxh6 gxh6 25. f6 Qc5 26. Qf4 Qc4 27. Qxh6 Qe4+
28. Rg2 Rg8 29. Qh5 Qg6 30. Qh4 Qg5 31. Qg3 Rac8 32. Re1 Rc1 33. h3 b6 34. Kh2
Rxe1 35. Qxe1 Qf4+ 36. Kh1 Rc8 37. Qe2 Rc1+ 38. Rg1 Rxg1+ 39. Kxg1 Qg3+ 40. Kf1
Qxh3+ 41. Ke1 Qg3+ 42. Kd2 Qf4+ 43. Kc3 Qc1+ 44. Kb3 Qc7 45. Ka2 Qc4+ 46. Qxc4
dxc4 47. b3 c3 48. b4 h6 49. Kb3 c2 50. Kxc2 Kh7 51. Kd3 Kg6 52. Ke4 Kg5 53. Kf3
b5 54. Kg3 h5 55. gxh5 Kxh5 56. Kf4 Kh4 57. Ke4 Kg4 58. Kd4 Kf4 59. Kc5 Kxe5 60.
Kxb5 Kxf6 61. Ka6 e5 62. Kxa7 e4 63. b5 e3 64. b6 e2 65. b7 e1=Q 66. b8=Q Qa5+
67. Kb7 Qxa3 68. Qf4+ Ke6 69. Qe4+ Kf6 70. Qf4+ {Game drawn by mutual agreement}
1/2-1/2

[Event "Team 45 45 League T79"]
[Site "Internet Chess Club"]
[Date "2019.02.02"]
[Round "6"]
[White "SuperPuzzler"]
[Black "bennywins"]
[Result "1-0"]
[WhiteElo "1866"]
[BlackElo "1683"]
[Opening "Ruy Lopez: Marshall, main line, 14...Qh3"]
[ECO "C89"]
[Time "19:40:20"]
[TimeControl "2700+45"]

1. e4 e5 2. Nf3 Nc6 3. Bb5 a6 4. Ba4 b5 5. Bb3 Nf6 6. O-O Be7 7. c3 O-O 8. Re1
d5 9. exd5 Nxd5 10. Nxe5 Nxe5 11. Rxe5 c6 12. d4 Bd6 13. Re1 Qh4 14. g3 Qh3 15.
Re4 Nf6 16. Rh4 Qf5 17. Bc2 Qe6 18. Bg5 h6 19. Bxf6 Qxf6 20. Qd3 Re8 21. Qh7+
Kf8 22. Nd2 Re2 23. Ne4 Qf3 24. Rf1 Rxc2 25. Nxd6 Ke7 26. Nxc8+ Rxc8 27. Re1+
Kd6 28. Qxc2 {Black resigns} 1-0

[Event "Team 45 45 League T79"]
[Site "Internet Chess Club"]
[Date "2019.02.03"]
[Round "6"]
[White "nidusin2"]
[Black "chuckh2"]
[Result "0-1"]
[WhiteElo "1445"]
[BlackElo "1342"]
[Opening "Queen's pawn: London system"]
[ECO "A45"]
[Time "10:00:51"]
[TimeControl "2700+45"]

1. d4 Nf6 2. Bf4 d6 3. e3 g6 4. Nf3 Bg7 5. c4 O-O 6. Nc3 b6 7. Bd3 Bb7 8. O-O
Re8 9. h3 Nbd7 10. Rc1 e5 11. dxe5 dxe5 12. Bg5 e4 13. Be2 exf3 14. Bxf3 Bxf3
15. Qxf3 Ne5 16. Qf4 Nd3 17. Qh4 Nxc1 18. Rxc1 Re6 19. Rd1 Qc8 20. Ne2 Re4 21.
Nf4 Qf5 22. g4 Qe5 23. Nd3 Qd6 24. f3 Ree8 25. Nf2 Qc6 26. Nd3 Qxf3 27. Rf1 Qe2
28. Nf4 Qxe3+ 29. Kh1 Ne4 {White resigns} 0-1

[Event "Team 45 45 League T79"]
[Site "Internet Chess Club"]
[Date "2019.02.03"]
[Round "6"]
[White "BrerRabbit"]
[Black "rhayder"]
[Result "1/2-1/2"]
[WhiteElo "1383"]
[BlackElo "1169"]
[Opening "Queen's pawn: London system"]
[ECO "A45"]
[Time "19:21:06"]
[TimeControl "2700+45"]

1. d4 Nf6 2. Bf4 g6 3. e3 Bg7 4. Nf3 O-O 5. Be2 d6 6. O-O Nbd7 7. h3 c5 8. c3 a6
9. a4 b6 10. Nbd2 Bb7 11. Re1 a5 12. Bh2 Ne4 13. Nxe4 Bxe4 14. Bd3 Bxd3 15. Qxd3
Qc7 16. d5 Qa7 17. Rac1 Qa6 18. Qxa6 Rxa6 19. e4 Raa8 20. e5 dxe5 21. Nxe5 Nxe5
22. Bxe5 Bh6 23. Rc2 Rad8 24. c4 Rd7 25. Rce2 Re8 26. Bc3 Bf4 27. g3 Bd6 28. Bf6
e6 29. dxe6 Rxe6 30. Rxe6 fxe6 31. Bc3 Kf7 32. Rd1 Ke7 33. Re1 Kf7 34. Kg2 Be7
35. Kf3 Bf6 36. Ke2 Bxc3 37. bxc3 {Game drawn by mutual agreement} 1/2-1/2

[Event "Team 45 45 League T79"]
[Site "Internet Chess Club"]
[Date "2019.01.30"]
[Round "6"]
[White "liujf"]
[Black "leoshi"]
[Result "0-1"]
[WhiteElo "1558"]
[BlackElo "1638"]
[Opening "Ruy Lopez: 5.O-O"]
[ECO "C78"]
[Time "19:00:22"]
[TimeControl "2700+45"]

1. e4 e5 2. Nf3 Nc6 3. Bb5 a6 4. Ba4 Nf6 5. O-O b5 6. Bb3 Bc5 7. c3 d6 8. a4 Bb7
9. d4 Bb6 10. Bc2 O-O 11. Be3 exd4 12. cxd4 Re8 13. Nbd2 Nb4 14. Bg5 h6 15. Be3
Nxc2 16. Qxc2 Nxe4 17. Rac1 Nxd2 18. Nxd2 Rc8 19. axb5 axb5 20. Qf5 Ra8 21. Qxb5
Ba6 22. Qf5 Bxf1 23. Rxf1 Qe7 24. h3 Qe6 25. Qc2 Qg6 26. Qc3 Qf6 27. Nc4 d5 28.
Nd2 Ba5 29. Qc5 Bxd2 30. Bxd2 Qd6 31. Qb5 Reb8 32. Qd3 Rxb2 33. Rc1 Raa2 34. Be3
c6 35. Re1 Qa3 36. Qf5 Qa8 37. Kh2 Qb8+ 38. Kg1 Re2 39. Rb1 Qc7 40. Bf4 Rxf2 41.
Rf1 Qxf4 42. Qxf4 Rxf4 43. Rxf4 f6 44. Kh2 Kf7 45. Kg3 Ke6 46. Kf3 g5 47. Rg4 h5
48. Rg3 Ra3+ 49. Kf2 Rxg3 50. Kxg3 Kf5 51. Kf3 g4+ 52. hxg4+ hxg4+ 53. Ke3 Kg5
54. g3 f5 55. Kf2 f4 56. gxf4+ Kxf4 {White resigns} 0-1

[Event "Team 45 45 League T79"]
[Site "Internet Chess Club"]
[Date "2019.02.02"]
[Round "6"]
[White "Newbao"]
[Black "dalmata"]
[Result "0-1"]
[WhiteElo "1450"]
[BlackElo "1486"]
[Opening "French: Tarrasch, open, 4.ed ed"]
[ECO "C08"]
[Time "18:00:59"]
[TimeControl "2700+45"]

1. e4 e6 2. d4 d5 3. Nd2 c5 4. exd5 exd5 5. Ngf3 Nf6 6. c3 Nc6 7. Be2 Be7 8. O-O
O-O 9. Re1 Re8 10. Nf1 Bd6 11. Be3 b6 12. Qc2 Ne7 13. Rad1 Nf5 14. Bg5 h6 15.
Bc1 Ne4 16. Bd3 Qe7 17. N1d2 Bb7 18. c4 Nxd4 19. Nxd4 cxd4 20. f3 Qe5 21. Nf1
Ba6 22. fxe4 dxc4 23. Be2 d3 24. Bxd3 cxd3 25. Qb1 Bc5+ 26. Kh1 Rad8 27. Nd2 Bf2
28. Rf1 Bh4 29. Nf3 Qxe4 30. Rfe1 Bxe1 31. b3 Qe2 32. Bb2 d2 33. Bc3 Qf1+ 34.
Ng1 Re2 35. Rxd2 Qxg2# {White checkmated} 0-1

[Event "Team 45 45 League T79"]
[Site "Internet Chess Club"]
[Date "2019.02.03"]
[Round "6"]
[White "Visin"]
[Black "creativechesski"]
[Result "1/2-1/2"]
[WhiteElo "1251"]
[BlackElo "1578"]
[Opening "Four knights: Scotch, 4...exd4"]
[ECO "C47"]
[Time "12:00:53"]
[TimeControl "2700+45"]

1. e4 e5 2. Nf3 Nc6 3. Nc3 Nf6 4. d4 exd4 5. Nxd4 Bc5 6. Be3 Bb6 7. a3 d6 8. Be2
O-O 9. Qd2 Re8 10. f3 d5 11. Nxc6 bxc6 12. O-O-O Bb7 13. Bg5 dxe4 14. Qxd8 Raxd8
15. Bxf6 Rxd1+ 16. Rxd1 exf3 17. Bxf3 gxf6 18. Na2 Ba5 19. b4 Bb6 20. c4 Be3+
21. Kc2 Bf4 22. h3 Kg7 23. Nc3 f5 24. Na4 Ba6 25. Nb2 Re3 26. Rd3 Rxd3 27. Nxd3
Bg5 28. Kb3 Kf6 29. Bxc6 Ke7 30. g3 Kd6 31. b5 Bc8 32. c5+ Ke7 33. Nf4 Be6+ 34.
Kb4 Bxf4 35. gxf4 Kf6 36. a4 Kg6 37. a5 Bc8 38. b6 cxb6 39. cxb6 axb6 40. axb6
Kh5 41. b7 Bxb7 42. Bxb7 Kh4 43. Bc8 Kxh3 44. Bxf5+ Kg3 45. Bxh7 Kxf4 46. Kc3 f5
47. Bxf5 {Game drawn because neither player has mating material} 1/2-1/2

[Event "Team 45 45 League T79"]
[Site "Internet Chess Club"]
[Date "2019.02.01"]
[Round "6"]
[White "chessabc"]
[Black "cadmiumorange"]
[Result "0-1"]
[WhiteElo "1727"]
[BlackElo "1925"]
[Opening "Modern defense"]
[ECO "A40"]
[Time "14:01:44"]
[TimeControl "2700+45"]

1. d4 g6 2. Bg5 Bg7 3. e3 d6 4. Bd3 c6 5. h4 Qb6 6. Qc1 h6 7. Bf4 e5 8. dxe5
dxe5 9. Bg3 e4 10. Nc3 exd3 11. cxd3 Ne7 12. Nge2 Na6 13. Bd6 Nf5 14. Ba3 Be6
15. g4 Ne7 16. f3 Nd5 17. d4 Nab4 18. Bxb4 Nxb4 19. Qd2 Bc4 20. Na4 Nd3+ 21.
Qxd3 Bxd3 22. Nxb6 axb6 23. Nc3 Kd7 24. b3 Rhe8 25. Kd2 Ba6 26. Na4 Kc7 27. Rac1
Rad8 28. Rhe1 Bf6 29. f4 Bxh4 30. Rh1 g5 31. f5 Re4 32. Nc3 Rxg4 33. Kc2 Rg2+
34. Kb1 Kb8 35. Rcd1 Rg3 36. Na4 Rxe3 37. Nxb6 Bd3+ 38. Kb2 Bxf5 39. Nc4 Re2+
40. Ka3 Kc7 41. Ne5 c5 42. b4 Bc2 43. Rdf1 Ra8+ 44. Kb2 Be4+ {White resigns} 0-1

[Event "Team 45 45 League T79"]
[Site "Internet Chess Club"]
[Date "2019.02.03"]
[Round "6"]
[White "KCChessc6"]
[Black "President"]
[Result "1-0"]
[WhiteElo "1690"]
[BlackElo "1578"]
[Opening "English opening"]
[ECO "A10"]
[Time "15:00:59"]
[TimeControl "2700+45"]

1. c4 b6 2. g3 Bb7 3. Nf3 g6 4. Nc3 Bg7 5. Bg2 e6 6. O-O Ne7 7. d3 O-O 8. Be3 d6
9. Qc1 Nd7 10. Bh6 Nf5 11. Bxg7 Kxg7 12. e4 Ne7 13. d4 a6 14. Re1 Rc8 15. b3 c5
16. d5 e5 17. Bh3 Ra8 18. a4 f5 19. Ng5 Qe8 20. Ne6+ Kh8 21. exf5 Nxf5 22. Bxf5
Rxf5 23. Nc7 Qf7 24. Nxa8 Bxa8 25. Ne4 Qe7 26. a5 b5 27. cxb5 axb5 28. Rd1 Kg7
29. Rd3 Nf6 30. f3 Bxd5 31. Nxf6 Qxf6 32. Rxd5 Rxf3 33. a6 Rf2 34. Rd2 Rf3 35.
a7 {Black resigns} 1-0

[Event "Team 45 45 League T79"]
[Site "Internet Chess Club"]
[Date "2019.02.02"]
[Round "6"]
[White "RD1974"]
[Black "misuc56"]
[Result "0-1"]
[WhiteElo "1589"]
[BlackElo "1534"]
[Opening "Sicilian: closed, 6.Be3"]
[ECO "B26"]
[Time "10:00:54"]
[TimeControl "2700+45"]

1. e4 c5 2. Nc3 Nc6 3. g3 d6 4. Bg2 g6 5. d3 Bg7 6. Be3 Bd7 7. Nge2 a6 8. O-O
Rb8 9. h3 Nf6 10. Qd2 O-O 11. f4 b5 12. e5 Ne8 13. d4 cxd4 14. Nxd4 Nxd4 15.
Bxd4 dxe5 16. fxe5 Qc8 17. Nd5 Qd8 18. Nb4 a5 19. Nd3 Bxh3 20. Qe3 Bxg2 21. Kxg2
Qd5+ 22. Kh2 Rd8 23. c3 b4 24. Rad1 bxc3 25. bxc3 Qc6 26. Rd2 Ra8 27. Nc5 Nc7
28. c4 Ne6 29. Nxe6 Qxe6 30. c5 Rac8 31. Rb1 Rc6 32. Rb5 Ra8 33. Rb6 h5 34. Qe4
Rac8 35. Rxc6 Rxc6 36. Rb2 Kh7 37. a4 f5 38. Qf4 Bh6 39. Qf2 Qc8 40. Rb5 Qa8 41.
Qa2 e6 42. Qb2 Bg7 43. Qc3 Bf8 44. Rxa5 Qc8 45. Ra7+ Kg8 46. Ra5 Qd7 47. Ra8 Kf7
48. Ra5 Be7 49. Rb5 Ra6 50. c6 Rxc6 51. Qd3 Qc8 52. Qe3 Rc2+ 53. Kh3 g5 54. g4
hxg4+ {White resigns} 0-1

[Event "Team 45 45 League T79"]
[Site "Internet Chess Club"]
[Date "2019.01.30"]
[Round "6"]
[White "mongmong"]
[Black "ChessMaine"]
[Result "1/2-1/2"]
[WhiteElo "1496"]
[BlackElo "1467"]
[Opening "Queen's pawn game"]
[ECO "D04"]
[Time "19:33:01"]
[TimeControl "2700+45"]

1. d4 d5 2. Nf3 Nf6 3. e3 Bg4 4. c4 e6 5. Nbd2 a6 6. Bd3 dxc4 7. Nxc4 Bb4+ 8.
Bd2 Bxd2+ 9. Ncxd2 O-O 10. O-O c5 11. Qc2 cxd4 12. Nxd4 Nbd7 13. Rac1 Rc8 14.
Qxc8 Qxc8 15. Rxc8 Rxc8 16. N4b3 Ne5 17. Bb1 Be2 18. Rc1 Rxc1+ 19. Nxc1 Bb5 20.
Ne4 Nxe4 21. Bxe4 Bc6 22. Nd3 Nxd3 23. Bxd3 e5 24. f4 exf4 25. exf4 a5 26. g3
Bd5 27. a3 h6 28. Kf2 Kf8 29. Ke3 Ke7 30. Kd4 Kd6 31. Bb5 f6 32. Bd3 b6 33. b4
axb4 34. axb4 Bf7 35. g4 g5 36. fxg5 fxg5 37. Bf5 Bd5 38. Be4 Be6 39. Bf3 Bf7
40. Bd1 Be8 41. Bc2 Bf7 42. Bf5 Bd5 43. Be4 Be6 44. Bf3 Bf7 45. Be2 Be8 46. Ke4
Bg6+ 47. Kd4 Bf7 48. Bc4 Bg6 49. Bd5 Be8 50. Be4 Bf7 51. Bf5 Bd5 {Game drawn by
repetition} 1/2-1/2

[Event "Team 45 45 League T79"]
[Site "Internet Chess Club"]
[Date "2019.02.05"]
[Round "6"]
[White "kabindra"]
[Black "cityprosecutor"]
[Result "0-1"]
[WhiteElo "1736"]
[BlackElo "1681"]
[Opening "Pirc defense"]
[ECO "B07"]
[Time "18:03:58"]
[TimeControl "2700+45"]

1. e4 d6 2. d4 Nf6 3. Nc3 g6 4. f3 a6 5. Be3 b5 6. a3 Nbd7 7. Qd2 Bb7 8. Bh6
Bxh6 9. Qxh6 c5 10. d5 Qa5 11. Rb1 b4 12. Nd1 bxa3+ 13. c3 a2 14. Ra1 Nb6 15.
Nh3 Qa4 16. Bd3 c4 17. Be2 Nbd7 18. O-O Nc5 19. Ne3 Nd3 20. Bxd3 cxd3 21. Ng4
Nxg4 22. fxg4 Qxe4 23. Qg7 Bxd5 24. Nf4 Kd7 25. Rae1 Qc4 26. Nxd5 Qxd5 27. Rxf7
Rhe8 28. Rfxe7+ Rxe7 29. Qxe7+ Kc6 30. b3 d2 31. Rd1 {White resigns} 0-1

[Event "Team 45 45 League T79"]
[Site "Internet Chess Club"]
[Date "2019.02.03"]
[Round "6"]
[White "Hal2001"]
[Black "VictorRed"]
[Result "1/2-1/2"]
[WhiteElo "1562"]
[BlackElo "1711"]
[Opening "Philidor's defense"]
[ECO "C41"]
[Time "21:13:36"]
[TimeControl "2700+45"]

1. e4 e5 2. Nf3 d6 3. d4 Bg4 4. dxe5 Bxf3 5. Qxf3 dxe5 6. Bc4 Nf6 7. Qb3 Bc5 8.
Bxf7+ Kf8 9. O-O Nxe4 10. Be3 Nd7 11. Bh5 Nd6 12. Nd2 Qh4 13. Bxc5 Nxc5 14. Qf3+
Qf6 15. Rfe1 Qxf3 16. Bxf3 Re8 17. Ne4 Ncxe4 18. Bxe4 g6 19. b3 Kf7 20. c4 Nxe4
21. Rxe4 Re7 {Game drawn by mutual agreement} 1/2-1/2

[Event "Team 45 45 League T79"]
[Site "Internet Chess Club"]
[Date "2019.01.31"]
[Round "6"]
[White "QuieroAprender"]
[Black "Constrictor"]
[Result "0-1"]
[WhiteElo "1686"]
[BlackElo "1569"]
[Opening "Nimzovich-Larsen attack: modern variation"]
[ECO "A01"]
[Time "19:45:26"]
[TimeControl "2700+45"]

1. b3 e5 2. Bb2 Nc6 3. e3 d5 4. Bb5 Bd6 5. Ne2 Ne7 6. d4 O-O 7. Nd2 a6 8. Bxc6
Nxc6 9. c4 dxc4 10. Nxc4 Bb4+ 11. Nd2 Re8 12. O-O exd4 13. Nxd4 Nxd4 14. Bxd4
Bxd2 15. Qxd2 c5 16. Bc3 Qxd2 17. Bxd2 Rd8 18. Bc3 Bg4 19. f3 Bf5 20. e4 Be6 21.
Rfd1 c4 22. b4 b5 23. Kf2 f6 24. Ke3 Kf8 25. a3 Ke8 26. f4 Rxd1 27. Rxd1 Rd8 28.
Rxd8+ Kxd8 29. Kd4 Kd7 30. f5 Bf7 31. g4 h5 32. gxh5 Bxh5 33. h4 Kd6 34. Bd2 g6
35. Bf4+ Kc6 36. fxg6 Bxg6 37. e5 fxe5+ 38. Kxe5 c3 39. Kf6 Bh7 40. Ke6 Bg6 41.
Ke5 Bh7 42. h5 c2 43. h6 Bd3 44. Ke6 Bh7 45. Kf6 Kd5 46. Kg7 Bd3 47. h7 Bxh7 48.
Kxh7 Kc4 49. Kg6 Kb3 50. Bc1 Ka2 51. Kf5 Kb1 52. Bf4 c1=Q 53. Bxc1 Kxc1 54. Ke4
Kb2 55. Kd4 Kxa3 56. Kc5 Ka4 57. Kb6 Kxb4 58. Kxa6 Ka4 59. Kb6 b4 60. Kc5 b3 61.
Kc4 b2 62. Kc3 b1=Q {White resigns} 0-1

[Event "Team 45 45 League T79"]
[Site "Internet Chess Club"]
[Date "2019.02.05"]
[Round "6"]
[White "Gilguli"]
[Black "Andressa"]
[Result "1-0"]
[WhiteElo "1358"]
[BlackElo "1372"]
[Opening "Vienna gambit"]
[ECO "C25"]
[Time "16:07:42"]
[TimeControl "2700+45"]

1. e4 e5 2. Nc3 Nc6 3. f4 d6 4. Nf3 Nf6 5. Bc4 Be7 6. d3 O-O 7. fxe5 dxe5 8. Be3
a6 9. a3 Ng4 10. Bg1 Rb8 11. h3 Nf6 12. Qe2 b5 13. Bd5 Qd6 14. O-O-O Bb7 15. Qf2
Nxd5 16. Nxd5 f6 17. g4 b4 18. Nxe7+ Qxe7 19. a4 Qe6 20. b3 Rbd8 21. Qe1 a5 22.
Bc5 Rf7 23. Qg3 Nd4 24. Bxd4 exd4 25. g5 f5 26. exf5 Rxf5 27. Qxc7 Rd7 28. Qb8+
Rf8 29. Qe5 Qd5 30. Qxd5+ Bxd5 31. Ne5 Bxh1 32. Nxd7 Bf3 33. Nxf8 Bxd1 34. Ne6
Bf3 35. Nxd4 Bg2 36. h4 Kf7 37. Kd2 Ke7 38. Ke3 Kd6 39. Nf5+ Ke5 40. Nxg7 Bd5
41. Nh5 {Black resigns} 1-0